 Dungeon Crawl Stone Soup version 0.30-a0-802-gb92711bcdf (webtiles) character file.

Game seed: 4609738673310275210

608 demibob the Carver (level 7, -2/57 HPs)
             Began as a Minotaur Fighter on Feb 25, 2023.
             Killed by divine providence
             ... invoked by an orc priest
              (10 damage)
             ... on level 5 of the Dungeon.
             The game lasted 00:05:19 (3629 turns).

demibob the Carver (Minotaur Fighter)               Turns: 3629, Time: 00:05:20

Health: -2/57      AC: 16    Str: 20    XL:     7   Next: 19%
Magic:  6/6        EV:  6    Int:  7    God:
Gold:   275        SH:  5    Dex: 10    Spells: 6/6 levels left

rFire   . . .      SeeInvis .    a - +3 triple sword (elec)
rCold   . . .      Faith    .    (shield currently unavailable)
rNeg    . . .      Spirit   .    l - +0 plate armour
rPois   .          Reflect  +    (helmet restricted)
rElec   .          Harm     .    i - +1 cloak
rCorr   +          Rampage  .    (no gloves)
Will    .....                    c - +1 pair of boots Stlth
                                 p - amulet of reflection
HPRegen 0.29/turn                R - ring of resist corrosion
MPRegen 0.10/turn                (no ring)

@: no status effects
A: horns 2, retaliatory headbutt
a: no special abilities


You were on level 5 of the Dungeon.
You visited 1 branch of the dungeon, and saw 5 of its levels.

You collected 275 gold pieces.


Innate Abilities, Weirdness & Mutations

You have a pair of horns on your head.
You reflexively headbutt those who attack you in melee.


   Skills:
 - Level 3.6 Fighting
 * Level 8.7 Long Blades
 - Level 5.4 Armour
 - Level 3.6 Shields


You had 6 spell levels left.
You didn't know any spells.
Your spell library contained the following spells:

 Spells                   Type           Power      Damage    Failure   Level
 Ensorcelled Hibernation  Hex/Ice        0%         N/A       100%        2
 Passwall                 Tmut/Erth      0%         N/A       100%        2
 Ignite Poison            Fire/Tmut/Pois 0%         N/A       100%        3
 Inner Flame              Hex/Fire       0%         N/A       100%        3
 Swiftness                Air            0%         N/A       100%        3
 Cause Fear               Hex            0%         N/A       100%        4
 Sticky Flame             Conj/Fire      0%         2d3       100%        4
 Discord                  Hex            0%         N/A       100%        8
 Ignition                 Fire           0%         3d3       100%        8

Inventory:

Hand Weapons
 a - a +3 triple sword of electrocution (weapon)
 o - a +0 long sword
Missiles
 r - a throwing net {=f}
Armour
 c - a +1 pair of boots (worn)
 i - a +1 cloak (worn)
 l - a +0 plate armour (worn)
Jewellery
 p - an amulet of reflection (around neck)
 R - a ring of resist corrosion (left hand)
Wands
 s - a wand of digging (6)
Scrolls
 h - a scroll of silence {!r}
 n - a scroll of teleportation {@r2}
 q - a scroll of identify {@r1}
 t - 2 scrolls of fear
Potions
 b - a potion of cancellation {unknown}
 d - 2 potions of might
 e - a potion of invisibility
 f - 2 potions of flight {unknown}
 g - 5 potions of curing {unknown}
 j - 4 potions of heal wounds {@q2}
 k - a potion of haste {unknown}
 m - 2 potions of degeneration {unknown}

Dungeon Overview and Level Annotations

Branches:
Dungeon (5/15)
 Temple: D:4-7

Altars:
Makhleb
Nemelex Xobeh

Annotations:
D:5 Pikel

#.....# #.....#
#.....### #........
.....# #........ #....#
#........
#....###########........
#....#.......ooo.#+##
.....#.........#@...####
.....#.........#........
#....#.........#........
#....'.........#........
.....#.........#....####
.....#.........######
.....+....)....+
######.........#
............#


You could see 3 orc priests.


Message History

An orc priest is nearby!
The orc priest hits you but does no damage.
You hit the orc priest but do no damage.
Lightning courses through the orc priest!!
You kill the orc priest!
No target in view!
No target in view!
You start waiting.
An orc priest comes into view. It is wielding a +0 hand axe.
An orc comes into view. It is wielding a +0 club.
An orc priest comes into view. It is wielding a +0 hand axe.
The orc shouts!
The orc priest shouts! x3
The orc priest calls down the wrath of Beogh upon you.
Beogh smites you! The orc hits you but does no damage.
You see here a +0 flail.
You closely miss the orc. Your headbutt misses the orc.
The orc priest calls down the wrath of Beogh upon you.
Beogh smites you! The orc completely misses you.
You hit the orc priest. Your headbutt misses the orc priest.
The orc priest is moderately wounded.
The orc priest hits you with a +0 mace.
The orc priest mumbles some strange prayers to Beogh against you.
Pain shoots through your body!
* * * LOW HITPOINT WARNING * * *
The orc priest calls down the wrath of Beogh upon you.
Beogh smites you!
* * * LOW HITPOINT WARNING * * *
The orc priest invokes the aid of Beogh against you.
Beogh smites you!
You die...

Skill      XL: |  1  2  3  4  5  6 |
---------------+-------------------+-----
Long Blades    | 3 4 5 6 7 8 |  8.7
Armour         | 4 5 |  5.4
Fighting       | |  3.6
Shields        | |  3.6

Action                     |  1- 3 |  4- 6 |  7- 9 || total
---------------------------+-------+-------+-------++-------
  Melee: Long sword        |   109 |   103 |       ||   212
         Headbutt          |    18 |    13 |     3 ||    34
         Triple sword      |       |     2 |    24 ||    26
    Use: Scroll            |     7 |     3 |       ||    10
 Armour: Scale mail        |    67 |     4 |       ||    71
         Plate armour      |       |    79 |    20 ||    99
  Dodge: Dodged            |    42 |    40 |     5 ||    87
  Block: Other             |       |    10 |     7 ||    17
         Reflection        |       |     1 |       ||     1

Levels and vault maps discovered:
D:1:      dpeg_arrival_pits, layout_loops_ring, due_unseen_surprise
D:2:      layout_basic, basic_altar, dilly_ecumenical_altar_fadedgnrine
D:3:      layout_basic, nemelex_diamond_rough_becter, roderic_nine_men_s_morris,
          minmay_puff
D:4:      layout_loops_ring, gup_sewer_entry_bowl, hex_tiny, minmay_lizard_king
D:5:      layout_gridville, uniq_pikel

Notes
Turn   | Place    | Note
-------+----------+-------------------------------------------
     0 | D:1      | demibob the Minotaur Fighter began the quest for the Orb.
     0 | D:1      | Reached XP level 1. HP: 19/19 MP: 0/0
   183 | D:1      | Reached skill level 3 in Long Blades
   249 | D:1      | Reached XP level 2. HP: 26/26 MP: 1/1
   644 | D:2      | Reached skill level 4 in Long Blades
   749 | D:2      | Found a burning altar of Makhleb.
   896 | D:2      | Reached XP level 3. HP: 29/31 MP: 2/2
  1010 | D:2      | Identified the +4 robe "Fudeyd" {rPois Str+3 SInv}
  1130 | D:2      | Found a faded altar of an unknown god.
  1426 | D:3      | Reached skill level 5 in Long Blades
  1666 | D:3      | Reached XP level 4. HP: 34/39 MP: 3/3
  1942 | D:3      | Found a sparkling altar of Nemelex Xobeh.
  2041 | D:3      | Reached skill level 6 in Long Blades
  2041 | D:3      | Reached skill level 4 in Armour
  2041 | D:3      | Reached XP level 5. HP: 31/45 MP: 4/4
  2463 | D:4      | Reached skill level 7 in Long Blades
  2463 | D:4      | Reached XP level 6. HP: 49/51 MP: 5/5
  2828 | D:4      | Reached skill level 5 in Armour
  3138 | D:4      | Reached skill level 8 in Long Blades
  3169 | D:4      | Identified a scroll of acquirement
  3169 | D:4      | Acquired a +3 triple sword of electrocution
  3212 | D:5      | Entered Level 5 of the Dungeon
  3225 | D:5      | Reached XP level 7. HP: 57/57 MP: 6/6
  3280 | D:5      | Noticed Pikel
  3447 | D:5      | Identified the +0 leather armour of Teqov {Regen+ Stlth+}
  3629 | D:5      | Killed from afar by an orc priest

Vanquished Creatures
  An ogre (D:4)
  3 lemures (D:5)
  A bullfrog (D:4)
  A necrophage (D:4)
  2 orc priests
  A jelly (D:4)
  4 iguanas
  3 gnolls (D:5)
  9 adders
  2 white imps (D:5)
  2 ufetubi (D:4)
  3 dart slugs
  5 orcs
  8 endoplasms
  A giant cockroach (D:4)
  7 goblins
  8 hobgoblins
  3 jackals (D:3)
  3 kobolds
  4 quokkas
  6 ball pythons
  A bat (D:1)
  14 frilled lizards
  6 rats
98 creatures vanquished.

Vanquished Creatures (others)
  7 plants
7 creatures vanquished.

Grand Total: 105 creatures vanquished

Table legend: (Time is in decaauts)
 A = Elapsed time spent in this place.
 B = Non-inter-level travel time spent in this place.
 C = Inter-level travel time spent in this place.
 D = Time resting spent in this place.
 E = Time spent auto-exploring this place.
 F = Levels seen in this place.
 G = Mean time per level.
                   A        B        C        D        E       F      G
               +--------+--------+--------+--------+--------+-----+--------+
         Total |   3671 |   3591 |     80 |     79 |   2753 |   5 |  734.2 |
       Dungeon |   3671 |   3591 |     80 |     79 |   2753 |   5 |  734.2 |
               +--------+--------+--------+--------+--------+-----+--------+

Top non-repeatable levels by time:
     D:3: 946 daAuts
     D:4: 890 daAuts
     D:2: 763 daAuts
     D:1: 645 daAuts
     D:5: 426 daAuts

Table legend:
 A = Non-vault XP
 B = Vault XP
 C = Vault XP percentage of total XP
 D = Non-vault monster count
 E = Vault monster count
 F = Vault count percentage of total count
                 A         B        C        D         E       F
            +---------+---------+-------+---------+---------+-------
      Total |     778 |      91 |  10.5 |      81 |      14 |  14.7
            +---------+---------+-------+---------+---------+-------
        D:1 |      26 |       0 |   0.0 |      15 |       0 |   0.0
        D:2 |      37 |       0 |   0.0 |      16 |       0 |   0.0
        D:3 |     114 |      42 |  26.9 |      27 |       2 |   6.9
        D:4 |     440 |      49 |  10.0 |      14 |      12 |  46.2
        D:5 |     161 |       0 |   0.0 |       9 |       0 |   0.0
            +---------+---------+-------+---------+---------+-------
